AoeStats
← L_S_D_D_S_L

Arabia

506398311Analyzed
1v1 RM · 20d ago on Sep 13, 2026· 26m 2s· 2 players
Game mode
Random Map
Map size
Tiny (2 player)
Population
200
Speed
Normal
Resources
Standard
Victory
Conquest
Starting age
Dark Age
Ending age
Imperial Age
RankedLock teamsTeams togetherTeam positionsShared explorationLock speedFull tech treeHidden civsTurbo modeCheats
Victory
Defeat
🇦🇪 Mongols · United Arab Emirates
897
+16
🇮🇹 Jurchens · Italy
900
-16
CamelRaider
6:45 Loom
9:02 Feudal Age
9:48 Double-Bit Axe
9:44 Horse Collar
17:35 Forging
17:16 Town Watch
17:58 Scale Barding Armor
19:06 Bloodlines
19:30 Gold Mining
24:29 Castle Age
25:13 Husbandry
25:37 Chain Barding Armor
25:53 Iron Casting
26:21 Wheelbarrow
26:21 Bow Saw
L_S_D_D_S_L
4:59 Loom
11:31 Feudal Age
12:29 Double-Bit Axe
12:27 Horse Collar
16:37 Forging
17:46 Bloodlines
17:52 Bloodlines
18:20 Scale Barding Armor
26:38 Castle Age
24:54 Fletching
Connection lost

Rejoining the realm…

Still unreachable

The connection could not be restored.

Session expired

The server has moved on; the page needs a fresh start.